 Dungeon Crawl Stone Soup version 0.22.1-2-g9c5b331383 (webtiles) character file.

45 Marnok the Ducker (level 3, 0/35 HPs)
             Began as a Troll Warper on Nov 30, 2018.
             Slain by a hobgoblin (1 damage)
             ... on level 2 of the Dungeon.
             The game lasted 00:06:52 (674 turns).

Marnok the Ducker (Troll Warper)                     Turns: 674, Time: 00:06:52

Health: 0/35       AC:  5    Str: 19    XL:     3   Next: 42%
Magic:  4/4        EV: 10    Int: 14    God:
Gold:   97         SH:  0    Dex: 10    Spells: 5/5 levels left

rFire    . . .     SeeInvis .   a - +0 falchion
rCold    . . .     Gourm    +   (no shield)
rNeg     . . .     Faith    .   b - +0 robe
rPois    .         Spirit   .   (helmet restricted)
rElec    .         Reflect  .   (no cloak)
rCorr    .         Harm     .   (gloves unavailable)
MR       .....                  (boots unavailable)
Stlth    +.........             (no amulet)
HPRegen  0.51/turn              (no ring)
MPRegen  0.09/turn              (no ring)

@: brilliant, lethally poisoned (0 -> -1), very slightly contaminated
A: large, unfitting armour, claws 3, fast metabolism 3, gourmand, regeneration
1, shaggy fur 1, tough skin 2
a: no special abilities


You were on level 2 of the Dungeon.
You were not hungry.

You visited 1 branch of the dungeon, and saw 2 of its levels.

You collected 97 gold pieces.

Inventory:

Hand Weapons
 a - a +0 falchion (weapon)
Missiles
 e - 5 tomahawks of dispersal (quivered)
Armour
 b - a +0 robe (worn)
Jewellery
 g - an uncursed ring of protection from fire
Scrolls
 i - a scroll of identify
 j - a scroll of remove curse
Potions
 c - a potion of brilliance
Comestibles
 f - 4 rations


   Skills:
 + Level 2.1 Fighting
 + Level 2.1 Long Blades
 + Level 0.8 Throwing
 + Level 2.2 Dodging
 + Level 1.7 Spellcasting
   Level 2.1 Translocations


You had 5 spell levels left.
You didn't know any spells.
Your spell library contained the following spells:

 Spells                   Type           Power        Failure   Level  Hunger
 Blink                    Tloc           N/A          1%          2    ###....
 Shroud of Golubria       Chrm/Tloc      ##........   3%          2    ###....
 Gell's Gravitas          Tloc           ###.......   3%          3    ####...
 Lesser Beckoning         Tloc           ###.......   3%          3    ####...
 Teleport Other           Tloc           ###.....     3%          3    ####...
 Passage of Golubria      Tloc           N/A          11%         4    #####..


Dungeon Overview and Level Annotations

Branches:
Dungeon (2/15)

Altars:
Kikubaaqudgha


Innate Abilities, Weirdness & Mutations

You are too large for most types of armour.
You have claws for hands.
Your metabolism is lightning-fast.
You like to eat raw meat.
Your natural rate of healing is unusually fast.
You are covered in fur. (AC +1)
You have very tough skin. (AC +2)


Message History

* * * LOW HITPOINT WARNING * * *
You feel sick.
* * * LOW HITPOINT WARNING * * *
You feel sick.
A hobgoblin comes into view.
* * * LOW HITPOINT WARNING * * *
You feel sick.
The hobgoblin shouts!
The hobgoblin hits you but does no damage.
Found 17 stones.
You hit the hobgoblin.
The hobgoblin is moderately wounded.
* * * LOW HITPOINT WARNING * * *
You feel sick.
The hobgoblin hits you but does no damage.
You hit the hobgoblin.
The hobgoblin is heavily wounded.
* * * LOW HITPOINT WARNING * * *
You feel sick. The hobgoblin hits you.
You die...

........########.
.........##....#..#
.......⌠....._.#..#
.......≈.#..#
.≈≈≈≈≈≈..#..#
.≈≈≈≈≈..# ..#
.≈≈≈≈≈..##(.#
..≈≈≈≈...#g.#
.......⌠.@..#
##..........#
############


You could see a hobgoblin.

Vanquished Creatures
  2 adders (D:2)
  A dart slug (D:1)
  A leopard gecko (D:1)
  3 bats
  7 jackals
  2 kobolds
  A ball python (D:2)
  A frilled lizard (D:1)
  3 goblins (D:1)
  2 rats
23 creatures vanquished.

Notes
Turn   | Place    | Note
-------+----------+-------------------------------------------
     0 | D:1      | Marnok the Troll Warper began the quest for the Orb.
     0 | D:1      | Reached XP level 1. HP: 19/19 MP: 1/1
   289 | D:1      | Reached XP level 2. HP: 28/28 MP: 3/3
   621 | D:2      | Reached XP level 3. HP: 35/35 MP: 4/4
   669 | D:2      | Found an ancient bone altar of Kikubaaqudgha.
   672 | D:2      | HP: 1/35 [poisoned by an adder]
   674 | D:2      | Slain by a hobgoblin

Skill      XL: |  1  2  3 |
---------------+----------+-----
Dodging        | 2 |  2.2
Fighting       | 2 |  2.1
Long Blades    | 2 |  2.1
Throwing       | |  0.8
Spellcasting   | |  1.7
Translocations | |  2.1

Action                   || total
-------------------------++-------
Melee: Falchion          ||    84
  Use: Scroll            ||     4
       Potion            ||     1
  Eat: Chunk             ||     2
       Ration            ||     1
Armor: Robe              ||    64
Dodge: Dodged            ||    68
       Rpst.: Falchion   ||    30
